 Dungeon Crawl Stone Soup version 0.27-a0-1529-g1e82c303ef (webtiles) character file.

Game seed: 7534219549263229500

6143 Conn the Arsonist (level 10, -5/63 HPs)
             Began as an Octopode Fire Elementalist on July 12, 2021.
             Was a Believer of Sif Muna.
             Slain by a vampire mosquito (11 damage)
             ... on level 8 of the Dungeon.
             The game lasted 00:34:58 (12871 turns).

Conn the Arsonist (Octopode Fire Elementalist)     Turns: 12871, Time: 00:34:58

Health: -5/63      AC:  1    Str:  9 (10) XL:     10   Next: 90%
Magic:  1/19       EV: 13    Int: 18 (21) God:    Sif Muna [**....]
Gold:   507        SH:  0    Dex: 11 (12) Spells: 2/21 levels left

rFire    . . .     SeeInvis +   s - +7 hand axe "Zuothil" {venom, rC+ Str+2 SInv}
rCold    + + .     Faith    .   (no shield)
rNeg     . . .     Spirit   .   (helmet restricted)
rPois    .         Reflect  .   f - amulet of magic regeneration
rElec    .         Harm     .   o - ring of see invisible
rCorr    .         Rampage  .   B - ring of protection from cold
Will     .....                  (no ring)
Stlth    ++++......             (no ring)
HPRegen  0.20/turn              (no ring)
MPRegen  0.41/turn              (no ring)
                                (no ring)
                                (no ring)

@: no status effects
A: almost no armour, amphibious, 8 rings, camouflage 1, gelatinous body 1,
(nimble swimmer 1), tentacles
a: Renounce Religion, Channel Magic


You were on level 8 of the Dungeon.
You worshipped Sif Muna.
Sif Muna was pleased with you.
You visited 2 branches of the dungeon, and saw 9 of its levels.
You also visited: Sewer and Bailey.

You collected 507 gold pieces.

Inventory:

Hand Weapons
 a - a +1 short sword of speed
 b - a +0 dagger
 s - the +7 hand axe "Zuothil" (weapon) {venom, rC+ Str+2 SInv}
   (You found it on level 4 of the Dungeon)

   It poisons the flesh of those it strikes.
   Str:       It affects your strength (+2).
   rC:        It protects you from cold.
   SInv:      It lets you see invisible.
 x - a +1 mace of protection
Missiles
 c - 27 poisoned darts
 v - 4 atropa-tipped darts
 y - 4 curare-tipped darts (quivered)
Jewellery
 f - an amulet of magic regeneration (around mantle)
 o - a ring of see invisible (left tentacle)
 B - a ring of protection from cold (right tentacle)
Wands
 j - a wand of acid (13)
 z - a wand of mindburst (15)
 E - a wand of iceblast (23)
Scrolls
 i - a scroll of immolation
 p - 4 scrolls of identify
 q - a scroll of amnesia
 r - a scroll of noise
 t - a scroll of acquirement {unknown}
 u - 4 scrolls of teleportation
Potions
 d - a potion of cancellation
 e - 7 potions of curing
 g - a potion of flight
 h - 8 potions of might
 l - a potion of experience {unknown}
 m - a potion of invisibility
 n - a potion of berserk rage
 w - a potion of degeneration
 A - a potion of lignification {unknown}
 C - 3 potions of brilliance


   Skills:
 + Level 3.4 Fighting
 + Level 1.0 Short Blades
 + Level 3.4 Axes
 + Level 0.1 Throwing
 + Level 3.5 Dodging
 + Level 5.8 Stealth
 + Level 6.1 Spellcasting
 * Level 8.7 Conjurations
 * Level 2.2 Summonings
 * Level 9.0 Fire Magic
 * Level 3.7 Invocations


You had 2 spell levels left.
You knew the following spells:

 Your Spells              Type           Power      Damage    Failure   Level
a - Foxfire               Conj/Fire      100%       2x1d9     1%          1
b - Conjure Flame         Conj/Fire      37%        6-21      1%          3
c - Inner Flame           Hex/Fire       21%        N/A       5%          3
d - Sticky Flame          Conj/Fire      37%        2d6       3%          4
e - Fireball              Conj/Fire      18%        3d9       9%          5
f - Summon Guardian Gole  Hex/Summ       9%         N/A       22%         3

Your spell library contained the following spells:

 Spells                   Type           Power      Damage    Failure   Level
 Animate Skeleton         Necr           10%        N/A       12%         1
 Pain                     Necr           20%        1d5       12%         1
 Slow                     Hex            5%         N/A       19%         2
 Confusing Touch          Hex            5%         N/A       34%         3
 Vampiric Draining        Necr           2%         2d6       34%         3
 Orb of Destruction       Conj           18%        9d8       95%         7
 Spellforged Servitor     Conj/Summ      12%        N/A       100%        7


Dungeon Overview and Level Annotations

Branches:
Dungeon (8/15)             Temple (1/1) D:6           Sewer (visited)
 Bailey (visited)
   Lair: D:8-11

Altars:
Ashenzari
Cheibriados
Dithmenos
Elyvilon
Hepliaklqana
Kikubaaqudgha
Makhleb
Okawaru
Qazlal
Ru
Sif Muna
Trog
Uskayaw
Vehumet
Yredelemnul
Zin
The Shining One

Shops:
D:3 (

Annotations:
D:5 exclusion: statue


Innate Abilities, Weirdness & Mutations

You cannot wear most types of armour.
You are amphibious.
You can wear up to eight rings at the same time.
Your skin changes colour to match your surroundings (Stealth+).
Your rubbery body absorbs attacks. (AC +1, EV +1)
((You are camouflaged near water. (Stealth+)))
You have tentacles for arms and can constrict up to eight enemies at once.


Message History

The vampire mosquito closely misses you.
The vampire mosquito bites you.
The vampire mosquito draws strength from your injuries!
Aiming: Corrosive Bolt
Press: ? - help, Shift-Dir - straight line, f/p - vampire mosquito
Aim: a vampire mosquito (lightly damaged, 53% to hit)
The bolt of acid hits the vampire mosquito!
The vampire mosquito is splashed with acid.
The acid corrodes the vampire mosquito!
The vampire mosquito is almost destroyed.
The bolt of acid misses the vampire mosquito.
The vampire mosquito bites you!
* * * LOW HITPOINT WARNING * * *
The vampire mosquito draws strength from your injuries!
The vampire mosquito bites you.
* * * LOW HITPOINT WARNING * * *
The vampire mosquito draws strength from your injuries!
You feel much better.
The vampire mosquito completely misses you.
The vampire mosquito bites you!
The vampire mosquito draws strength from your injuries!
Casting: Sticky Flame (dangerous; 3% risk of failure)
Confirm with . or Enter, or press ? or * to list all spells.
Aiming: Sticky Flame (dangerous; 3% risk of failure)
Press: ? - help, Shift-Dir - straight line, f/p - vampire mosquito
Aim: a vampire mosquito (moderately damaged, covered in acid, 100% to hit)
The sticky flame hits the vampire mosquito!
The vampire mosquito is severely damaged.
The vampire mosquito is covered in liquid flames!
The vampire mosquito burns!
The vampire mosquito bites you!
* * * LOW HITPOINT WARNING * * *
The vampire mosquito draws strength from your injuries!
The vampire mosquito bites you.
* * * LOW HITPOINT WARNING * * *
The vampire mosquito draws strength from your injuries!
The vampire mosquito burns!
The vampire mosquito bites you!
* * * LOW HITPOINT WARNING * * *
The vampire mosquito draws strength from your injuries!
The vampire mosquito burns!
The vampire mosquito bites you!
You die...

#.###
##.#######
#...########
##......##
###........#
#.......#
#######..#
#...#####
##.# ##..##
#..# #(.##
#.## #..#
#.# ##.##
#@####..#
#.y##..##
##.y...##
####.).###
#.....## #
#..##..## ##
#.#####.##
##. #.#
#..###..
##.##
##......


You could see 2 vampire mosquitoes.

Vanquished Creatures
  An orc warlord (Bailey)
  A hornet (D:8)
  Grinder (Sewer)
  Prince Ribbit (D:5)
  Eustachio (D:6)
  5 yaks (D:8)
  2 vampire mosquitoes (D:8)
  3 water moccasins
  5 orc warriors
  2 necrophages
  A black bear (D:4)
  4 ogres
  2 kobold brigands (Sewer)
  4 bullfrogs
  2 scorpions (D:7)
  A wyvern skeleton (D:5)
  6 killer bees (D:7)
  A centaur zombie (D:7)
  A bullfrog zombie (D:5)
  A quasit (Sewer)
  3 jellies
  2 orc priests
  Crazy Yiuf (D:5)
  A centaur skeleton (D:7)
  A bullfrog skeleton (D:5)
  3 hounds
  2 iguanas
  Natasha (thrice) (D:2)
  2 orc wizards
  A killer bee zombie (D:6)
  A hound skeleton (D:4)
  A howler monkey zombie (D:6)
  8 gnolls
  8 adders
  4 shadow imps (Sewer)
  2 white imps
  3 ufetubi (Sewer)
  A dart slug (D:1)
  25 orcs
  10 ball pythons
  5 endoplasms
  3 giant cockroaches
  5 hobgoblins
  11 jackals
  5 quokkas
  7 bats
  4 frilled lizards
  11 goblins
  42 kobolds
  3 rats
223 creatures vanquished.

Vanquished Creatures (collateral kills)
  3 foxfires (D:1)
3 creatures vanquished.

Vanquished Creatures (others)
  A kobold zombie (Sewer)
  853 foxfires
854 creatures vanquished.

Grand Total: 1080 creatures vanquished

Notes
Turn   | Place    | Note
-------+----------+-------------------------------------------
     0 | D:1      | Conn the Octopode Fire Elementalist began the quest for the
                  | Orb.
     0 | D:1      | Reached XP level 1. HP: 11/11 MP: 3/3
    89 | D:1      | Found a faded altar of an unknown god.
   478 | D:1      | Reached XP level 2. HP: 17/17 MP: 1/5
  1210 | D:1      | Reached XP level 3. HP: 21/21 MP: 6/6
  1892 | D:2      | Found a broken altar of Ashenzari.
  1909 | D:2      | Noticed Natasha
  1949 | D:2      | Killed Natasha
  1950 | D:2      | Reached skill level 4 in Fire Magic
  1950 | D:2      | Reached XP level 4. HP: 16/27 MP: 0/7
  2365 | D:2      | Noticed Natasha
  2373 | D:2      | Killed Natasha
  2466 | D:2      | Noticed Natasha
  2471 | D:2      | Killed Natasha
  2472 | D:2      | Reached XP level 5. HP: 31/31 MP: 6/9
  2546 | D:2      | Learned a level 3 spell: Conjure Flame
  2550 | D:2      | Learned a level 3 spell: Inner Flame
  2613 | D:3      | Noticed an ogre
  3049 | D:3      | Found Dejygh's Weapon Emporium.
  3246 | D:3      | Found a glowing drain.
  3250 | Sewer    | Entered a sewer
  3704 | Sewer    | Found a burning altar of Makhleb.
  3704 | Sewer    | Noticed a kobold brigand
  3724 | Sewer    | Killed a kobold brigand
  3725 | Sewer    | Reached XP level 6. HP: 25/36 MP: 7/10
  3732 | Sewer    | Noticed Grinder
  3759 | Sewer    | Killed Grinder
  3760 | Sewer    | Reached skill level 5 in Fire Magic
  3760 | Sewer    | Reached XP level 7. HP: 34/42 MP: 3/12
  4340 | D:3      | Reached skill level 1 in Short Blades
  4347 | D:3      | Learned a level 4 spell: Sticky Flame
  5644 | D:4      | Reached skill level 1 in Fighting
  5644 | D:4      | Reached skill level 6 in Fire Magic
  5644 | D:4      | Reached XP level 8. HP: 41/48 MP: 8/13
  5827 | D:4      | Identified the +7 hand axe "Zuothil" {venom, rC+ Str+2
                  | SInv}
  5855 | D:4      | Reached skill level 5 in Conjurations
  6216 | D:4      | Found a glowing silver altar of Zin.
  6606 | D:5      | Entered Level 5 of the Dungeon
  6849 | D:5      | Reached skill level 1 in Axes
  7506 | D:5      | Noticed Prince Ribbit
  7513 | D:5      | Killed Prince Ribbit
  7514 | D:5      | Reached skill level 7 in Fire Magic
  7514 | D:5      | Reached XP level 9. HP: 19/54 MP: 11/16
  8071 | D:5      | Found a radiant altar of Vehumet.
  8314 | D:5      | Found a runed translucent door.
  8315 | D:5      | Noticed Crazy Yiuf
  8324 | D:5      | Learned a level 5 spell: Fireball
  8327 | D:5      | Killed Crazy Yiuf
  9237 | D:6      | Noticed Eustachio
  9259 | D:6      | Killed Eustachio
  9367 | D:6      | Found a staircase to the Ecumenical Temple.
  9396 | Temple   | Entered the Ecumenical Temple
  9404 | Temple   | Became a worshipper of Sif Muna the Loreminder
  9471 | D:6      | Found an iron altar of Okawaru.
  9685 | D:7      | Reached skill level 5 in Spellcasting
  9776 | D:7      | Found a stormy altar of Qazlal.
  9781 | D:7      | Reached skill level 5 in Stealth
 10057 | D:7      | Reached skill level 1 in Invocations
 10087 | D:7      | Reached * piety under Sif Muna
 11090 | D:8      | Found a flagged portal.
 11095 | D:8      | Reached XP level 10. HP: 25/63 MP: 18/18
 11101 | D:8      | Reached skill level 8 in Fire Magic
 11302 | D:8      | Learned a level 3 spell: Summon Guardian Golem
 11303 | Bailey   | Entered a bailey
 11499 | Bailey   | Reached ** piety under Sif Muna
 11647 | Bailey   | Noticed an orc warlord
 11882 | Bailey   | Found a runed translucent gate.
 11883 | Bailey   | Found a runed translucent gate.
 11888 | Bailey   | Found a runed translucent gate.
 12134 | Bailey   | Killed an orc warlord
 12135 | Bailey   | Reached skill level 1 in Summonings
 12865 | D:8      | Reached skill level 9 in Fire Magic
 12871 | D:8      | Slain by a vampire mosquito

Illustrated notes

Levels and vault maps discovered:
D:1:      wander_arrival_fairy_ring, layout_basic,
          hellmonk_ecumenical_altar_slurped_away, grunt_decor_cap
D:2:      kennysheep_big_flooded_room, layout_basic, basic_altar, minivault_24,
          uniq_natasha
D:3:      layout_loops_corners, serial_shops, nicolae_lakefront_shop,
          portal_sewer_entry_d, wander_ebering_terrifying_dragon_lair
D:4:      minmay_chambers_of_threes, layout_layer_cave,
          mainiacjoe_overflow_boulevard
D:5:      layout_basic, vehumet_statue, uniq_crazy_yiuf_cottage,
          uniq_prince_ribbit1
D:6:      layout_loops_ring, minmay_temple_entry_statues,
          kennysheep_small_circle, uniq_eustachio
D:7:      layout_loops_corners, grunt_qazlal_clouds, minmay_misc_feat_plants,
          nrook_uturn
D:8:      layout_layer_cave, enter_bailey_2, uniq_joseph
Temple:   nicolae_temple_x_marks_the_god

Skill      XL: |  1  2  3  4  5  6  7  8  9 10 |
---------------+-------------------------------+-----
Stealth        | 3 4 5 |  5.8
Fire Magic     | 4 5 6 7 9 |  9.0
Conjurations   | 2 3 4 6 7 8 |  8.7
Spellcasting   | 3 4 5 6 |  6.1
Short Blades   | 1 |  1.0
Fighting       | 1 3 |  3.4
Axes           | 2 3 |  3.4
Dodging        | 3 |  3.5
Invocations    | 1 3 |  3.7
Summonings     | 2 |  2.2
Throwing       | |  0.1

Action                   |  1- 3 |  4- 6 |  7- 9 | 10-12 || total
-------------------------+-------+-------+-------+-------++-------
Melee: Unarmed           |     2 |       |       |       ||     2
       Constrict         |     2 |     3 |    21 |     1 ||    27
       Dagger            |     6 |     9 |       |       ||    15
       Tentacles         |     1 |     3 |    12 |       ||    16
       Short sword       |       |     1 |    16 |       ||    17
       Hand axe          |       |       |    56 |     4 ||    60
Throw: Dart              |       |       |       |     1 ||     1
 Cast: Foxfire           |    60 |    79 |   206 |   132 ||   477
       Sticky Flame      |       |       |    14 |     8 ||    22
       Conjure Flame     |       |       |     9 |     1 ||    10
       Fireball          |       |       |     4 |    14 ||    18
       Summon Guardian G |       |       |       |     1 ||     1
Evoke: Wand              |       |       |     2 |     1 ||     3
  Use: Scroll            |       |     1 |     2 |     7 ||    10
       Potion            |       |     1 |     5 |     7 ||    13
 Stab: Sleeping          |     3 |       |     8 |       ||    11
       Distracted        |       |       |     1 |       ||     1
       Invisible         |       |       |     1 |       ||     1
Armor: Skin              |     3 |     1 |    11 |       ||    15
Dodge: Dodged            |    15 |    35 |   128 |    24 ||   202

Table legend: (Time is in decaauts)
 A = Elapsed time spent in this place.
 B = Non-inter-level travel time spent in this place.
 C = Inter-level travel time spent in this place.
 D = Time resting spent in this place.
 E = Time spent auto-exploring this place.
 F = Levels seen in this place.
 G = Mean time per level.
                   A        B        C        D        E       F      G
               +--------+--------+--------+--------+--------+-----+--------+
         Total |  12874 |  12614 |    260 |   1848 |   6977 |  11 | 1170.4 |
       Dungeon |  10740 |  10480 |    260 |   1223 |   6540 |   8 | 1342.5 |
        Temple |     16 |     16 |      0 |      0 |      0 |   1 |   16.0 |
         Sewer |   1080 |   1080 |      0 |    370 |    271 |   1 | 1080.0 |
        Bailey |   1036 |   1036 |      0 |    255 |    166 |   1 | 1036.0 |
               +--------+--------+--------+--------+--------+-----+--------+

Top non-repeatable levels by time:
     D:5: 2171 daAuts
     D:4: 1703 daAuts
     D:1: 1545 daAuts
     D:7: 1329 daAuts
     D:3: 1226 daAuts
     D:2: 1139 daAuts
   Sewer: 1080 daAuts
  Bailey: 1036 daAuts
     D:8: 860 daAuts
     D:6: 764 daAuts
  Temple: 16 daAuts
